 Dungeon Crawl Stone Soup version 0.18.1-50-g88ac8fd (webtiles) character file.

6522 loralnil the Blocker (level 10, 0/91 HPs)
             Began as a Minotaur Fighter on Sept 19, 2016.
             Was an Elder of Okawaru.
             Slain by a yak (7 damage)
             ... on level 10 of the Dungeon.
             The game lasted 00:23:27 (9133 turns).

loralnil the Blocker (Minotaur Fighter)             Turns: 9133, Time: 00:23:27

Health: 0/91       AC: 17    Str: 28    XL:     10   Next: 69%
Magic:  9/9        EV:  9    Int:  5    God:    Okawaru [****..]
Gold:   299        SH: 15    Dex: 11    Spells: 0 memorised, 9 levels left

rFire  x . .     SeeInvis .     w - +2 falchion (holy)
rCold  + . .     Gourm    .     A - +0 plate armour
rNeg   . . .     Faith    .     c - +2 shield
rPois  .         Spirit   .     (helmet restricted)
rElec  .         Dismiss  .     n - +0 cloak
rCorr  .         Reflect  .     L - +0 pair of gloves
SustAt .         Harm     .     (no boots)
MR     .....                    (no amulet)
Stlth  ..........               m - ring of ice
                                (no ring)

@: mighty, not resistant to hostile enchantments, extremely unstealthy
A: retaliatory headbutt, horns 2
a: Heroism, Renounce Religion


You were on level 10 of the Dungeon.
You worshipped Okawaru.
Okawaru was greatly pleased with you.
You were not hungry.

You visited 2 branches of the dungeon, and saw 11 of its levels.

You collected 579 gold pieces.
You spent 280 gold pieces at shops.

Inventory:

Hand Weapons
 q - a +0 falchion of protection
 w - a +2 falchion of holy wrath (weapon)
 I - the +8 dagger "Homudaoz" {pierce, rPois rN+ Dex+4 SInv}
   (You found it on level 9 of the Dungeon)

   It inflicts extra damage upon your enemies.
   It affects your dexterity (+4).
   It protects you from poison.
   It protects you from negative energy.
   It lets you see invisible.
Armour
 c - a +2 shield (worn)
 n - a +0 cloak (worn)
 A - a +0 plate armour (worn)
 L - a +0 pair of gloves (worn)
Rods
 p - a +1 rod of clouds (15/15)
   (You found it on level 3 of the Dungeon)
Jewellery
 m - a ring of ice (right hand)
 H - an uncursed amulet of the gourmand {unknown}
Wands
 t - a wand of flame (15/48)
 D - a wand of heal wounds (5/9)
 F - a wand of iceblast (12/15)
 P - a wand of paralysis (13/24)
Scrolls
 a - 2 scrolls of recharging
 b - a scroll of immolation {unknown}
 h - 3 scrolls of fog
 y - a scroll of fear
 z - 3 scrolls of magic mapping {unknown}
 B - a scroll of amnesia {unknown}
 C - 3 scrolls of enchant weapon {unknown}
 G - 2 scrolls of enchant armour
 K - a scroll of brand weapon {unknown}
 M - a scroll of blinking {unknown}
 N - 3 scrolls of remove curse
Potions
 d - a potion of mutation
 g - 4 potions of curing
 k - 3 potions of agility
 r - a potion of invisibility
 s - 2 potions of magic {unknown}
 u - a potion of haste
 v - 4 potions of lignification
 x - a potion of cure mutation {unknown}
 E - 2 potions of flight {unknown}
 Q - a potion of cancellation {unknown}
Books
 l - a book of Power

   Spells                             Type                      Level
   a - Fulminant Prism                Conjuration/Hexes            4
   b - Iskenderun's Mystic Blast      Conjuration                  4
   c - Venom Bolt                     Conjuration/Poison           5
   d - Bolt of Magma                  Conjuration/Fire/Earth       5
   e - Iron Shot                      Conjuration/Earth            6
   f - Orb of Destruction             Conjuration                  7
   g - Spellforged Servitor           Conjuration/Summoning        7
Comestibles
 f - 18 bread rations
 j - 5 meat rations
 J - 4 beef jerkies
 O - a slice of pizza


   Skills:
 + Level 9.1 Fighting
 + Level 9.7 Long Blades
 + Level 9.3 Armour
 + Level 5.8 Dodging
 + Level 1.5 Stealth
 + Level 10.7 Shields


You had 9 spell levels left.
You didn't know any spells.

Dungeon Overview and Level Annotations

Branches:
Dungeon (10/15)            Temple (1/1) D:6             Orc (0/2) D:9
   Lair: D:8-11

Altars:
Cheibriados
Dithmenos
Elyvilon
Gozag
Makhleb
Nemelex Xobeh
Okawaru
Qazlal
Ru
Sif Muna
Trog
Vehumet
Xom
Zin
The Shining One

Shops:
D:8 %

Annotations:
D:4 1 exclusion


Innate Abilities, Weirdness & Mutations

You reflexively headbutt those who attack you in melee.
You have a pair of horns on your head.


Message History

Okawaru accepts your kill. You block the yak's attack.
You slash the yak!
The yak is heavily wounded.
You slash the yak!
The yak is severely wounded.
The yak barely misses you.
You hit the yak but do no damage.
The yak is heavily wounded.
You block the yak's attack.
You closely miss the yak. You headbutt the yak!
The yak is almost dead.
The yak closely misses you.
You barely miss the yak. Your headbutt misses the yak.
The yak is almost dead.
The yak barely misses you. You furiously retaliate!
You headbutt the yak!
You kill the yak!
Okawaru accepts your kill. You block the kobold's attack.
The yak closely misses you. The yak gores you!
You die... ooo

.. u.. ... #.. ...# .. ....#
#####.# ....##(##..#
#..#@##.# . #####KKYYY.## ..
......hKYK..####.#. ###
#.....#............. ..##..
.......#..#..)...### ...#.#
....................
................#.#...##...#
.........#......#.....# ....
.....................##. #.


You could see 3 yaks, a black bear, a sky beast and 4 kobolds.

Vanquished Creatures
  A hill giant (D:9)
  An ugly thing (D:10)
  The ghost of Zekeros the Ruffian, a novice GrMo of the Shining One (D:7)
  A troll (D:10)
  Grinder (D:5)
  The ghost of jazmu the Chopper, an amateur GrCK of Xom (D:4)
  A spriggan (D:8)
  6 yaks (D:10)
  A hungry ghost (D:9)
  3 orc warriors
  A swamp drake (D:9)
  2 black bears
  6 ogres
  2 phantoms
  3 centaurs
  2 big kobolds
  3 giant frogs
  A water moccasin zombie (D:7)
  3 scorpions
  3 killer bees (D:10)
  A howler monkey (D:9)
  2 crimson imps
  2 giant frog zombies
  5 hounds
  2 giant frog skeletons
  9 orc priests
  4 jellies
  5 orc wizards
  3 iguanas
  3 worker ants
  A killer bee zombie (D:5)
  A hound zombie (D:9)
  A hound skeleton (D:7)
  A howler monkey zombie (D:8)
  4 gnolls (D:5)
  16 adders
  A shadow imp (D:5)
  2 adder skeletons
  An adder zombie (D:5)
  2 worms (D:2)
  A dart slug (D:1)
  2 giant geckos
  36 orcs
  3 ball pythons
  3 giant cockroaches (D:1)
  11 goblins
  6 hobgoblins
  12 jackals
  5 quokkas
  12 bats
  7 giant newts
  A jackal skeleton (D:6)
  15 kobolds
  A quokka zombie (D:5)
  4 rats
228 creatures vanquished.

Vanquished Creatures (others)
  A giant frog zombie (D:6)
1 creature vanquished.

Grand Total: 229 creatures vanquished

Notes
Turn   | Place    | Note
--------------------------------------------------------------
     0 | D:1      | loralnil the Minotaur Fighter began the quest for the Orb.
     0 | D:1      | Reached XP level 1. HP: 19/19 MP: 0/0
   228 | D:1      | Reached XP level 2. HP: 26/27 MP: 1/1
   412 | D:1      | Reached skill level 4 in Shields
   829 | D:2      | Reached XP level 3. HP: 32/33 MP: 2/2
   968 | D:2      | Reached skill level 1 in Dodging
  1285 | D:2      | Reached XP level 4. HP: 41/41 MP: 3/3
  1402 | D:2      | Found an opulent altar of Gozag.
  1620 | D:3      | Reached XP level 5. HP: 39/47 MP: 4/4
  1640 | D:3      | Identified a +0 rod of clouds (13/13) (You found it on level 3 of the Dungeon)
  1660 | D:3      | Found a snail-covered altar of Cheibriados.
  1754 | D:3      | Found a bloodstained altar of Trog.
  1754 | D:3      | Found a glowing golden altar of the Shining One.
  1755 | D:3      | Found a shimmering altar of Xom.
  1816 | D:3      | Found a burning altar of Makhleb.
  1918 | D:3      | Reached skill level 5 in Shields
  1938 | D:3      | Reached skill level 5 in Armour
  2182 | D:3      | Found a deep blue altar of Sif Muna.
  2465 | D:4      | Reached XP level 6. HP: 55/55 MP: 5/5
  2601 | D:4      | Noticed jazmu's ghost (amateur GrCK)
  2617 | D:4      | Reached skill level 5 in Fighting
  2628 | D:4      | Killed jazmu's ghost
  3172 | D:5      | Entered Level 5 of the Dungeon
  3176 | D:5      | Noticed Grinder
  3186 | D:5      | Paralysed by Grinder for 7 turns
  3200 | D:5      | Killed Grinder
  3200 | D:5      | Reached skill level 6 in Shields
  3200 | D:5      | Reached XP level 7. HP: 30/61 MP: 6/6
  3886 | D:5      | Reached XP level 8. HP: 50/70 MP: 7/7
  4149 | D:5      | Reached skill level 5 in Long Blades
  4149 | D:5      | Reached skill level 5 in Dodging
  4191 | D:5      | Reached skill level 7 in Shields
  4309 | D:5      | Found a sacrificial altar of Ru.
  4933 | D:6      | Found a glowing silver altar of Zin.
  4992 | D:6      | Found a staircase to the Ecumenical Temple.
  5001 | Temple   | Entered the Ecumenical Temple
  5030 | Temple   | Became a worshipper of Warmaster Okawaru
  5097 | D:6      | Found a deep blue altar of Sif Muna.
  5822 | D:7      | Noticed Zekeros's ghost (novice GrMo)
  5830 | D:7      | Killed Zekeros's ghost
  5830 | D:7      | Reached * piety under Okawaru
  5830 | D:7      | Reached skill level 1 in Stealth
  5830 | D:7      | Reached skill level 8 in Shields
  5830 | D:7      | Reached XP level 9. HP: 73/79 MP: 8/8
  6140 | D:7      | Found a stormy altar of Qazlal.
  6140 | D:7      | Found a white marble altar of Elyvilon.
  6419 | D:7      | Found a sparkling altar of Nemelex Xobeh.
  6712 | D:8      | Found Ukkamiept's Food Shop.
  6719 | D:8      | Bought a bread ration for 70 gold pieces
  6719 | D:8      | Bought a bread ration for 70 gold pieces
  6719 | D:8      | Bought a bread ration for 70 gold pieces
  6719 | D:8      | Bought a bread ration for 70 gold pieces
  7209 | D:8      | Reached skill level 9 in Shields
  7306 | D:9      | Noticed a hill giant
  7308 | D:9      | Reached ** piety under Okawaru
  7320 | D:9      | Killed a hill giant
  7705 | D:9      | Got an ivory dagger
  7706 | D:9      | Identified the +8 dagger "Homudaoz" {pierce, rPois rN+ Dex+4 SInv} (You found it on level 9 of the Dungeon)
  7721 | D:9      | Found a staircase to the Orcish Mines.
  7847 | D:9      | Reached XP level 10. HP: 82/88 MP: 9/9
  8377 | D:9      | Found a sacrificial altar of Ru.
  8613 | D:9      | Reached skill level 10 in Shields
  8787 | D:10     | Entered Level 10 of the Dungeon
  8848 | D:10     | Reached *** piety under Okawaru
  9009 | D:10     | Noticed a brown ugly thing
  9033 | D:10     | Killed a brown ugly thing
  9106 | D:10     | Reached **** piety under Okawaru
  9133 | D:10     | Slain by a yak

Skill      XL: |  1  2  3  4  5  6  7  8  9 10 |
---------------+-------------------------------+-----
Armour         | 4 5 6 7 8 9 |  9.3
Fighting       | 4 5 6 7 8 9 |  9.1
Shields        | 4 5 6 8 9 10 | 10.7
Dodging        | 1 2 3 4 5 |  5.8
Long Blades    | 3 4 6 7 9 |  9.7
Stealth        | 1 |  1.5

Action                   |  1- 3 |  4- 6 |  7- 9 | 10-12 || total
-------------------------+-------+-------+-------+-------++-------
Melee: Long sword        |    84 |   169 |    61 |       ||   314
       Headbutt          |    12 |    19 |    86 |    38 ||   155
       Falchion          |       |       |   284 |   212 ||   496
       Dagger            |       |       |       |     4 ||     4
  Use: Scroll            |     2 |     9 |     3 |     2 ||    16
       Potion            |       |     1 |     1 |     3 ||     5
  Eat: Chunk             |     1 |     6 |    10 |       ||    17
       Pizza             |       |       |     2 |       ||     2
       Royal jelly       |       |       |     1 |       ||     1
       Beef jerky        |       |       |     1 |       ||     1
       Meat ration       |       |       |       |     1 ||     1
Armor: Scale mail        |    34 |    83 |    31 |       ||   148
       Plate armour      |       |       |    65 |    58 ||   123
Dodge: Dodged            |    25 |    63 |    77 |    48 ||   213
Block: Shield            |    56 |   113 |   224 |   128 ||   521
